[Event "Titled Tuesday Blitz August 16 Late 2022"]
[White "Ferreira, Vitor Hugo Vieira"]
[Black "Sourath Biswas"]
[WhiteFideId "2119765"]
[BlackFideId "35091484"]
[WhiteElo "2168"]
[BlackElo "1777"]
[Result "0-1"]
[Round "07"]
[TimeControl "180+1"]
[Date "2022.08.18"]
[WhiteClock "0:00:00"]
[BlackClock "0:00:00"]

1. d4 Nf6 2. c4 g6 3. Nc3 Bg7 4. e4 O-O 5. f3 d6 6. Be3 c5 7. Nge2 Nc6 8. dxc5 dxc5 9. Qxd8 Rxd8 10. Bxc5 Nd7 11. Be3 Nde5 12. Nf4 Bh6 13. Rd1 Rxd1+ 14. Kxd1 Be6 15. Nxe6 Bxe3 16. Nd5 Bh6 17. Nc5 e6 18. f4 Ng4 19. Nd3 exd5 20. cxd5 Nd4 21. h3 Ne3+ 22. Ke1 Re8 23. Nf2 Bxf4 24. Bd3 Bg3 25. Rf1 Nxd5 26. Kd2 Nf4 27. Ng4 Kg7 28. Bc4 h5 29. Ne3 Nc6 30. Rf3 h4 31. Nf1 Ne5 32. Rc3 Nxg2 33. Bd5 Nf4 34. Nxg3 hxg3 35. Rxg3 Nxd5 36. exd5 Rd8 37. Rb3 Rxd5+ 38. Ke3 Rd7 39. Ke4 Nc4 40. Rb4 Nd2+ 41. Ke3 a5 42. Rb5 Nc4+ 43. Kf3 b6 44. b3 Nd2+ 45. Ke2 Rd6 46. h4 Nb1 47. Kf3 Nc3 48. Re5 Nxa2 49. h5 Rd3+ 50. Ke2 Rxb3 51. hxg6 fxg6 52. Re7+ Kh6 53. Re3 Rxe3+ 54. Kxe3 Nb4 0-1


[Site "https://www.chess.com"]

[Event "Titled Tuesday Blitz August 16 Late 2022"]
[White "Fier, Alexandr"]
[Black "Claverie, Christophe"]
[WhiteFideId "2107139"]
[BlackFideId "605514"]
[WhiteElo "2598"]
[BlackElo "2300"]
[Result "1-0"]
[Round "07"]
[TimeControl "180+1"]
[Date "2022.08.16"]
[WhiteClock "0:00:28"]
[BlackClock "0:00:06"]

1. d4 Nf6 2. Bg5 c5 3. d5 b5 4. a4 b4 5. Nd2 d6 6. e4 g6 7. Bxf6 exf6 8. Bb5+ Nd7 9. Nc4 Qc7 10. a5 Be7 11. h4 h5 12. Ne2 O-O 13. Nf4 Ne5 14. Nxe5 fxe5 15. Nxh5 gxh5 16. Qxh5 f5 17. O-O-O fxe4 18. Qg6+ Kh8 19. Qxe4 Bf5 20. Qe2 Bh7 21. Bd3 Bf6 22. g4 e4 23. Bxe4 Rae8 24. f3 Qxa5 25. Kb1 b3 26. cxb3 Bxe4+ 27. fxe4 Rb8 28. Rh3 c4 29. Qxc4 Rfc8 30. Qd3 Rb6 31. e5 Bxe5 32. Qg6 Rcb8 33. Qh6+ Kg8 34. Qe6+ Kh8 35. Rc1 Ra6 36. Rc8+ Rxc8 37. Qxc8+ Kg7 38. Qd7+ Kg8 39. Qe8+ Kg7 40. Qe7+ Kg8 41. Kc2 Qa1 42. Qe6+ Kg7 43. Qd7+ Kg8 44. Qc8+ Kg7 45. Kd3 Qxb2 46. Qxa6 Qd4+ 47. Kc2 Qf2+ 48. Kd1 Qf1+ 49. Qxf1 1-0


[Site "https://www.chess.com"]

[Event "Titled Tuesday Blitz August 16 Late 2022"]
[White "Fus, Jakub"]
[Black "Rasulov, Vugar"]
[WhiteFideId "1193023"]
[BlackFideId "13402390"]
[WhiteElo "2220"]
[BlackElo "2509"]
[Result "1/2-1/2"]
[Round "07"]
[TimeControl "180+1"]
[Date "2022.08.16"]
[WhiteClock "0:00:11"]
[BlackClock "0:00:11"]

1. Nf3 Nf6 2. c4 g6 3. Nc3 d5 4. cxd5 Nxd5 5. e4 Nxc3 6. bxc3 Bg7 7. d4 c5 8. Bb5+ Bd7 9. Bxd7+ Nxd7 10. O-O O-O 11. Rb1 Qc7 12. Bg5 e6 13. Qd2 Rac8 14. Bh6 b6 15. h4 Rfd8 16. h5 cxd4 17. cxd4 Qc2 18. Qf4 Qc7 19. e5 f5 20. Bxg7 Kxg7 21. Qg5 Nf8 22. Qf6+ Kg8 23. Ng5 Qg7 24. hxg6 hxg6 25. Rbc1 Re8 26. Rfd1 b5 27. Rxc8 Rxc8 28. d5 exd5 29. Rxd5 a6 30. Qxa6 Rc1+ 31. Kh2 Qh6+ 32. Nh3 Re1 33. Rd8 Rxe5 34. Qf6 Re4 35. f3 Re2 36. Rd1 Qg7 37. Qxg7+ Kxg7 38. Rd5 b4 39. Rb5 Ne6 40. Rb6 Nd4 41. Kg1 Rb2 42. Nf4 g5 43. Ne6+ Nxe6 44. Rxe6 Rxa2 45. Rb6 Rb2 46. Kh2 b3 47. Kg3 Rb1 48. f4 gxf4+ 49. Kxf4 b2 50. Kg3 f4+ 51. Kh2 Kf7 52. Rb7+ Ke6 53. Rb8 Kf5 54. Rb5+ Ke4 55. Rb4+ Kd3 56. Rb8 Kc3 57. Rc8+ Kd2 58. Rd8+ Ke1 59. Rb8 Kf1 60. Rb4 Ke2 61. Rb8 Ke3 62. Rb3+ Kd4 63. Rb8 Ke5 64. Rb5+ Kf6 65. Rb8 Kf5 66. Rb5+ Kg4 67. Rb4 Rd1 68. Rxb2 Rd7 69. Rb3 Rh7+ 70. Kg1 Rc7 71. Kh2 Rc2 72. Ra3 Re2 73. Rb3 Re5 74. Rf3 Rh5+ 75. Kg1 Rc5 76. Kh2 Rc7 77. Ra3 Re7 78. Rb3 Re3 79. Rxe3 fxe3 80. Kg1 Kf4 81. Kf1 Ke4 82. Ke2 Kf4 83. g4 Kxg4 84. Kxe3 1/2-1/2


[Site "https://www.chess.com"]

[Event "Titled Tuesday Blitz August 16 Late 2022"]
[White "Gheorghiu, Calin"]
[Black "Wiewiora, Eneasz"]
[WhiteFideId "1200305"]
[BlackFideId "1140396"]
[WhiteElo "2168"]
[BlackElo "2291"]
[Result "0-1"]
[Round "07"]
[TimeControl "180+1"]
[Date "2022.08.16"]
[WhiteClock "0:00:15"]
[BlackClock "0:01:26"]

1. d4 d6 2. e4 Nf6 3. Nc3 e5 4. Nge2 Be7 5. g3 O-O 6. Bg2 c6 7. O-O b5 8. a3 a5 9. h3 Ba6 10. b4 Nbd7 11. Be3 Nb6 12. f4 Nc4 13. Bf2 Qc7 14. g4 Rfe8 15. g5 Nh5 16. fxe5 dxe5 17. Bf3 Nf4 18. Nxf4 exf4 19. e5 Bxg5 20. Ne4 Be7 21. c3 Bc8 22. Kh2 Bf5 23. Rg1 Kh8 24. Qc1 axb4 25. Qxf4 Bg6 26. axb4 Rxa1 27. Rxa1 f6 28. Bg3 fxe5 29. dxe5 Rf8 30. Qg4 Ne3 31. Qe6 Rxf3 32. Ra8+ Rf8 33. Rxf8+ Bxf8 34. Ng5 Nf1+ 35. Kg2 Nxg3 36. Kxg3 Qe7 37. Kf4 Qxe6 38. Nxe6 Be7 39. Nc7 Kg8 0-1


[Site "https://www.chess.com"]

[Event "Titled Tuesday Blitz August 16 Late 2022"]
[White "Golubev, Mikhail"]
[Black "Bochnicka, Vladimir"]
[WhiteFideId "14100983"]
[BlackFideId "14943450"]
[WhiteElo "2374"]
[BlackElo "1939"]
[Result "1-0"]
[Round "07"]
[TimeControl "180+1"]
[Date "2022.08.18"]
[WhiteClock "0:00:00"]
[BlackClock "0:00:00"]

1. e4 c5 2. Nf3 Nc6 3. Nc3 e5 4. Bc4 d6 5. d3 Be7 6. Nd2 Bg5 7. h4 Bh6 8. Nf1 Bxc1 9. Rxc1 Nf6 10. Ne3 O-O 11. g4 Qd7 12. g5 Ng4 13. Nf5 g6 14. Qxg4 gxf5 15. Qh5 fxe4 16. g6 Kg7 17. Qxh7+ Kf6 18. Nd5+ Ke6 19. Nb6+ d5 20. Bxd5+ Qxd5 21. Nxd5 Kxd5 22. g7 Be6 23. dxe4+ Kd6 24. gxf8=B+ Rxf8 25. Rd1+ Ke7 26. c3 Bxa2 27. Rg1 Bb3 28. Rd2 a5 29. Rg8 a4 30. Rxf8 Kxf8 31. h5 b5 32. h6 b4 33. Qg7+ 1-0


[Site "https://www.chess.com"]

[Event "Titled Tuesday Blitz August 16 Late 2022"]
[White "Goncalves, Davi Sulzbacher"]
[Black "Ozalp, Burak"]
[WhiteFideId "2154510"]
[BlackFideId "6314210"]
[WhiteElo "2107"]
[BlackElo "1854"]
[Result "1-0"]
[Round "07"]
[TimeControl "180+1"]
[Date "2022.08.18"]
[WhiteClock "0:00:00"]
[BlackClock "0:00:00"]

1. Nf3 g6 2. e4 Bg7 3. d4 d6 4. Bc4 Nf6 5. e5 dxe5 6. Nxe5 O-O 7. O-O c6 8. Nc3 Nbd7 9. Bg5 Nb6 10. Bb3 a5 11. a3 a4 12. Ba2 Bf5 13. Re1 h6 14. Bh4 g5 15. Bg3 Nbd5 16. Ne2 Ne4 17. c4 Nb6 18. c5 Nd5 19. Bxd5 Qxd5 20. Nc3 Nxc3 21. bxc3 Rfd8 22. Qh5 Qe6 23. h4 g4 24. Bf4 Kh7 25. Qxf7 Qxf7 26. Nxf7 Rf8 27. Rxe7 Bf6 28. Rxb7 Kg6 29. Ne5+ Bxe5 30. Bxe5 Be4 31. Re1 Bd5 32. Rg7+ Kh5 33. Bf6 Rae8 34. Be7 g3 35. Re5+ 1-0


[Site "https://www.chess.com"]

[Event "Titled Tuesday Blitz August 16 Late 2022"]
[White "Graif, William"]
[Black "Leitao, Rafael"]
[WhiteFideId "2609835"]
[BlackFideId "2101246"]
[WhiteElo "1942"]
[BlackElo "2609"]
[Result "1-0"]
[Round "07"]
[TimeControl "180+1"]
[Date "2022.08.18"]
[WhiteClock "0:00:00"]
[BlackClock "0:00:00"]

1. d4 Nf6 2. Nc3 d5 3. e4 dxe4 4. Bg5 h6 5. Bxf6 exf6 6. Nxe4 Qe7 7. Qe2 f5 8. Nc3 Qxe2+ 9. Bxe2 c6 10. O-O-O Bb4 11. Nf3 O-O 12. a3 Bxc3 13. bxc3 Nd7 14. Rhe1 Nf6 15. Bd3 Be6 16. c4 Rfd8 17. c3 b5 18. c5 g6 19. Ne5 Bd5 20. f3 a5 21. c4 bxc4 22. Bxc4 Bxc4 23. Nxc4 Nd5 24. Kc2 a4 25. Rb1 Ra7 26. g3 Kf8 27. Kd3 Rad7 28. Nd6 h5 29. Kc4 Kg7 30. Rb7 Rxb7 31. Nxb7 Ra8 32. Re5 Kf6 33. Rxd5 cxd5+ 34. Kxd5 Ke7 35. Kc6 Rc8+ 36. Kb6 Rd8 37. c6 Rxd4 38. Nc5 Kd6 39. c7 Rd2 40. c8=Q Rb2+ 41. Ka7 Rc2 42. Nb7+ Ke5 43. Qxc2 1-0


[Site "https://www.chess.com"]

[Event "Titled Tuesday Blitz August 16 Late 2022"]
[White "Hoffmann, Asa"]
[Black "Barria Zuniga, Daniel"]
[WhiteFideId "2001470"]
[BlackFideId "3400816"]
[WhiteElo "2117"]
[BlackElo "2414"]
[Result "1/2-1/2"]
[Round "07"]
[TimeControl "180+1"]
[Date "2022.08.18"]
[WhiteClock "0:00:00"]
[BlackClock "0:00:00"]

1. d4 g6 2. e4 Bg7 3. Be3 c5 4. c3 cxd4 5. cxd4 d5 6. e5 Nh6 7. Nc3 O-O 8. f3 f6 9. Qd2 Nf7 10. f4 Nc6 11. Nf3 Bg4 12. Be2 Qd7 13. h3 Bxf3 14. Bxf3 e6 15. O-O Rfc8 16. Rac1 f5 17. Be2 Bf8 18. a3 a6 19. g4 b5 20. gxf5 gxf5 21. Kh2 Be7 22. Rg1+ Kh8 23. Bh5 Nh6 24. Rg3 Rg8 25. Rcg1 Rxg3 26. Rxg3 Rg8 27. Qg2 Qd8 28. Bf3 Rxg3 29. Qxg3 Bh4 30. Qg2 Na5 31. Nxd5 exd5 32. Bxd5 Nc4 33. Bxc4 bxc4 34. d5 Qg8 35. d6 Qxg2+ 36. Kxg2 Kg8 37. e6 Bf6 38. Bb6 Bxb2 39. Kf3 Bxa3 40. d7 Be7 41. d8=Q+ Bxd8 42. Bxd8 Kf8 43. Ke3 Ng8 44. Kd4 Ne7 45. Kxc4 Nc6 46. Bc7 Ke7 47. Kd5 Nb4+ 48. Ke5 Nc6+ 49. Kxf5 Nd4+ 50. Ke5 Nxe6 51. Bb6 Kf7 52. f5 Nf8 53. Ba5 Nd7+ 54. Kd6 Nf6 55. Ke5 Nh5 56. Bb6 Ng3 57. Kf4 Ne2+ 58. Kg5 Nc3 59. Bd8 Ne4+ 60. Kh6 Kg8 61. f6 Nd6 62. Bb6 Ne4 63. Bd4 a5 64. f7+ Kxf7 65. Kxh7 Ng5+ 66. Kh6 Nxh3 67. Kh5 Ke6 68. Kg4 Kd5 69. Ba1 Nf2+ 70. Kf3 Nd1 71. Ke2 Kc4 72. Kxd1 Kb3 73. Be5 a4 74. Kc1 a3 75. Kb1 a2+ 76. Ka1 Kc4 77. Kxa2 1/2-1/2


[Site "https://www.chess.com"]

[Event "Titled Tuesday Blitz August 16 Late 2022"]
[White "Isajevsky, Anton"]
[Black "Holt, Conrad"]
[WhiteFideId "4142500"]
[BlackFideId "2034387"]
[WhiteElo "2510"]
[BlackElo "2586"]
[Result "0-1"]
[Round "07"]
[TimeControl "180+1"]
[Date "2022.08.16"]
[WhiteClock "0:00:02"]
[BlackClock "0:00:09"]

1. d4 d5 2. Nf3 Nf6 3. g3 Bf5 4. Bg2 e6 5. O-O c6 6. Nh4 Bg4 7. Re1 Nbd7 8. c3 Be7 9. Qb3 Nb6 10. Nd2 O-O 11. a4 a5 12. h3 Bh5 13. Nhf3 Nfd7 14. e4 Qc7 15. Nf1 dxe4 16. Rxe4 Nd5 17. Re1 Rfd8 18. Ne3 Qb6 19. Qxb6 N5xb6 20. Ne5 Nxe5 21. dxe5 Bc5 22. Be4 Bg6 23. Bxg6 hxg6 24. Kf1 Rd3 25. Ke2 Rad8 26. Rd1 Rxd1 27. Nxd1 Nc4 28. f4 f6 29. exf6 gxf6 30. b3 Nd6 31. Be3 Ne4 32. Bxc5 Nxc5 33. Rb1 Ne4 34. Ke3 Nxg3 35. Nf2 Nf5+ 36. Ke2 Kf7 37. Ne4 Rh8 38. b4 Rxh3 39. Nc5 Rxc3 40. Nxb7 axb4 41. Rxb4 Ke7 42. a5 Ra3 43. Rb6 Kd7 44. Nc5+ Kd6 45. Nb3 e5 46. fxe5+ fxe5 47. a6 Kd5 48. Kd2 Nd6 49. Kc3 Nc4 50. Rb8 Rxa6 51. Rd8+ Nd6 52. Rg8 c5 53. Rxg6 Nb5+ 54. Kd3 Rxg6 0-1


[Site "https://www.chess.com"]

[Event "Titled Tuesday Blitz August 16 Late 2022"]
[White "Janaszak, Dawid"]
[Black "Tanenbaum, Zachary"]
[WhiteFideId "1119206"]
[BlackFideId "2060850"]
[WhiteElo "2165"]
[BlackElo "2175"]
[Result "1-0"]
[Round "07"]
[TimeControl "180+1"]
[Date "2022.08.16"]
[WhiteClock "0:01:11"]
[BlackClock "0:00:04"]

1. e4 e5 2. Nf3 Nc6 3. d4 exd4 4. Nxd4 Bc5 5. Nb3 Bb6 6. Nc3 Nf6 7. Qe2 O-O 8. Bg5 h6 9. Bh4 Re8 10. O-O-O d6 11. f3 a5 12. Nd5 g5 13. Nxb6 cxb6 14. Bg3 Ne5 15. Nd4 Bd7 16. Qd2 Nh5 17. Nb5 Bxb5 18. Bxb5 Re6 19. Qd5 Qc7 20. Kb1 Rc8 21. c3 Nxg3 22. hxg3 Qe7 23. a4 Kg7 24. Qd4 Qf6 25. f4 Ng4 26. Bd7 Rd8 27. Bxe6 fxe6 28. Qxf6+ Kxf6 29. e5+ Ke7 30. Rxd6 Rxd6 31. exd6+ Kxd6 32. fxg5 hxg5 33. Rh7 Ne5 34. Rxb7 Nd7 35. b4 Kc6 36. Ra7 axb4 37. cxb4 e5 38. Kc2 e4 39. Rxd7 Kxd7 40. Kc3 Kc6 41. Kd4 e3 42. Kxe3 Kd5 43. Kf3 Kc4 44. a5 bxa5 45. bxa5 Kb5 46. Kg4 Kxa5 47. Kxg5 1-0


[Site "https://www.chess.com"]

[Event "Titled Tuesday Blitz August 16 Late 2022"]
[White "Kaganskiy, Gleb"]
[Black "Prieto Aranguren, Alain"]
[WhiteFideId "4132025"]
[BlackFideId "2268906"]
[WhiteElo "2165"]
[BlackElo "2224"]
[Result "1-0"]
[Round "07"]
[TimeControl "180+1"]
[Date "2022.08.18"]
[WhiteClock "0:00:00"]
[BlackClock "0:00:00"]

1. e4 c6 2. d4 d5 3. Nd2 a6 4. c3 h5 5. exd5 cxd5 6. Ngf3 Nc6 7. Bd3 Bg4 8. h3 Bd7 9. O-O Nf6 10. Re1 e6 11. Nf1 Bd6 12. a4 Qc7 13. Bg5 O-O-O 14. Bh4 Rdg8 15. Bg3 g5 16. b4 g4 17. hxg4 hxg4 18. Bxd6 gxf3 19. Qxf3 Qxd6 20. Qxf6 Rg4 21. Qxh8+ Kc7 22. Qh2 1-0


[Site "https://www.chess.com"]

[Event "Titled Tuesday Blitz August 16 Late 2022"]
[White "Kalavannan, Koby"]
[Black "Harshavardhan G B"]
[WhiteFideId "425753"]
[BlackFideId "25059009"]
[WhiteElo "1927"]
[BlackElo "1890"]
[Result "1-0"]
[Round "07"]
[TimeControl "180+1"]
[Date "2022.08.18"]
[WhiteClock "0:00:00"]
[BlackClock "0:00:00"]

1. d4 d5 2. Nf3 Nf6 3. c4 c6 4. Qb3 dxc4 5. Qxc4 Bg4 6. Qb3 Qb6 7. Nc3 Nbd7 8. e4 e6 9. Be3 Bxf3 10. gxf3 Be7 11. Rg1 g6 12. Qc2 O-O 13. Rd1 Nh5 14. f4 f5 15. Bc4 Ng7 16. d5 Qb4 17. dxe6 Nf6 18. Bb3 Nxe4 19. Rd4 Qa5 20. Ra4 Qc7 21. Nd5 Qd8 22. Nxe7+ Qxe7 23. Rxe4 fxe4 24. Bc5 Qf6 25. e7+ Rf7 26. Qxe4 Re8 27. Rg5 b6 28. Bd4 Qd6 29. Re5 a5 30. Bc3 a4 31. Qxa4 Nf5 32. Qc4 Rxe7 33. Rxe7 Qxe7+ 34. Kf1 Nd6 35. Qxc6 h5 36. Qa8+ Ne8 37. Qd5 Nd6 38. Qd4 1-0


[Site "https://www.chess.com"]

[Event "Titled Tuesday Blitz August 16 Late 2022"]
[White "Karaev, Seit-Amet"]
[Black "Kashtanov, Ruslan"]
[WhiteFideId "4169549"]
[BlackFideId "4124871"]
[WhiteElo "2272"]
[BlackElo "2168"]
[Result "1-0"]
[Round "07"]
[TimeControl "180+1"]
[Date "2022.08.18"]
[WhiteClock "0:00:00"]
[BlackClock "0:00:00"]

1. e4 c5 2. Nf3 e6 3. d4 cxd4 4. Nxd4 Nc6 5. Nc3 Qc7 6. a3 Nf6 7. Bg5 Qe5 8. Bxf6 Qxf6 9. Nxc6 dxc6 10. Bd3 Bc5 11. O-O O-O 12. Kh1 e5 13. Qh5 g6 14. Qh6 Be6 15. Ne2 Qg7 16. Qg5 f6 17. Qg3 f5 18. f4 fxe4 19. Bxe4 Bc4 20. Bd3 Bxd3 21. Qxd3 Bb6 22. f5 Rae8 23. Qb3+ Kh8 24. fxg6 Qxg6 25. Ng3 e4 26. Qb4 e3 27. Rxf8+ 1-0


[Site "https://www.chess.com"]

[Event "Titled Tuesday Blitz August 16 Late 2022"]
[White "Kobo, Ori"]
[Black "Paravyan, David"]
[WhiteFideId "2812320"]
[BlackFideId "4194985"]
[WhiteElo "2420"]
[BlackElo "2569"]
[Result "0-1"]
[Round "07"]
[TimeControl "180+1"]
[Date "2022.08.16"]
[WhiteClock "0:00:02"]
[BlackClock "0:01:02"]

1. c4 e5 2. Nc3 Nf6 3. e3 d5 4. cxd5 Nxd5 5. Qh5 Nc6 6. Bb5 Qd6 7. Nf3 Nxc3 8. bxc3 Bd7 9. O-O g6 10. Qh4 Be7 11. Qg3 e4 12. Nd4 Nxd4 13. Bxd7+ Kxd7 14. cxd4 Qxg3 15. hxg3 Bd6 16. d3 exd3 17. Rd1 f5 18. Rxd3 h5 19. Ba3 h4 20. gxh4 Rxh4 21. g3 Rh7 22. Kg2 g5 23. Bxd6 cxd6 24. Rb1 b6 25. Kf3 Rc8 26. Rd2 Rc3 27. Rb5 Ke6 28. g4 f4 29. Ke4 fxe3 30. fxe3 d5+ 31. Rxd5 Rxe3+ 32. Kxe3 Kxd5 33. Kf3 Rh3+ 34. Kg2 Ra3 35. Kf2 b5 36. Ke2 Rg3 37. Kf2 Rxg4 0-1


[Site "https://www.chess.com"]

[Event "Titled Tuesday Blitz August 16 Late 2022"]
[White "Koepke, Christian"]
[Black "Stanojoski, Zvonko"]
[WhiteFideId "4655737"]
[BlackFideId "15000257"]
[WhiteElo "2188"]
[BlackElo "2364"]
[Result "0-1"]
[Round "07"]
[TimeControl "180+1"]
[Date "2022.08.18"]
[WhiteClock "0:00:00"]
[BlackClock "0:00:00"]

1. e4 c5 2. f4 g6 3. d4 cxd4 4. Qxd4 Nf6 5. e5 Nc6 6. Qd3 Ng8 7. Nc3 Bg7 8. Be3 d6 9. Nf3 Bg4 10. O-O-O Bxf3 11. gxf3 dxe5 12. Qb5 Qc8 13. fxe5 Bxe5 14. f4 Bxc3 15. bxc3 Nf6 16. h4 h5 17. Bh3 Qc7 18. f5 Qa5 19. Qxa5 Nxa5 20. fxg6 fxg6 21. Rhg1 Kf7 22. Bd4 Rad8 23. Rde1 Nc6 24. Be6+ Kg7 25. Bc5 Rhe8 26. Bf5 Ng4 27. Bxg4 hxg4 28. Rxg4 Rd5 29. Bd4+ e5 30. Be3 Re6 31. h5 Kh7 32. hxg6+ Rxg6 33. Rh1+ Kg7 34. Bh6+ Kf7 35. Rf1+ Rf6 36. Rg7+ Ke6 37. Rxf6+ Kxf6 38. Rxb7 Ra5 39. Rc7 Ra6 40. Kb2 Ke6 41. Be3 Kd6 42. Rc8 Ra5 43. Rh8 Kd5 44. Rh7 Rb5+ 45. Kc1 a6 46. Rd7+ Ke4 47. Bh6 Na5 48. Rc7 Rb6 49. Kd2 Rd6+ 50. Ke2 Rxh6 51. Rc5 Nc6 52. a3 Rh2+ 53. Kd1 Ne7 54. Rc7 Nd5 55. Rc4+ Kf5 56. Rc5 Ne3+ 57. Kc1 Rxc2+ 58. Kb1 Rh2 59. Rc8 e4 60. Rf8+ Ke5 61. Re8+ Kf4 62. Rf8+ Nf5 63. Re8 e3 64. c4 e2 65. c5 Ne3 66. Rf8+ Ke4 67. Re8+ Kd3 68. Rd8+ Kc3 0-1


[Site "https://www.chess.com"]

[Event "Titled Tuesday Blitz August 16 Late 2022"]
[White "Kolb, Tobias"]
[Black "Solon, Nathan"]
[WhiteFideId "12992321"]
[BlackFideId "2017229"]
[WhiteElo "2224"]
[BlackElo "2641"]
[Result "0-1"]
[Round "07"]
[TimeControl "180+1"]
[Date "2022.08.16"]
[WhiteClock "0:00:17"]
[BlackClock "0:00:26"]

1. Nc3 d5 2. e4 d4 3. Nce2 e5 4. Ng3 Be6 5. Nf3 f6 6. b3 Nd7 7. Bc4 Bxc4 8. bxc4 Ne7 9. d3 Nc6 10. h4 Bb4+ 11. Bd2 a5 12. h5 Nc5 13. Nf5 Qd7 14. a3 Bxd2+ 15. Nxd2 O-O-O 16. Rb1 g6 17. Ng3 f5 18. Rb5 Na4 19. Rd5 Qf7 20. Qf3 f4 21. Ne2 Kb8 22. Rxd8+ Rxd8 23. hxg6 hxg6 24. Qh3 Qe7 25. Nb1 Qc5 26. Qe6 Qb6 27. O-O Rd6 28. Qe8+ Ka7 29. c3 Qb2 30. cxd4 Qxe2 31. d5 Rd8 32. Qf7 Nd4 33. Qxc7 Rh8 34. Qxa5+ Kb8 35. Qxa4 Qxf1+ 36. Kxf1 Rh1# 0-1


[Site "https://www.chess.com"]

[Event "Titled Tuesday Blitz August 16 Late 2022"]
[White "Kostiukov, Alexandr"]
[Black "Lopez Perdomo, Juan David"]
[WhiteFideId "14108100"]
[BlackFideId "4405137"]
[WhiteElo "2202"]
[BlackElo "1965"]
[Result "1-0"]
[Round "07"]
[TimeControl "180+1"]
[Date "2022.08.18"]
[WhiteClock "0:00:00"]
[BlackClock "0:00:00"]

1. g3 e6 2. Bg2 d5 3. d3 Nf6 4. e4 c5 5. Qe2 dxe4 6. dxe4 Nc6 7. Nf3 Be7 8. e5 Nd5 9. O-O O-O 10. c4 Ndb4 11. Rd1 Qb6 12. Nc3 Rd8 13. Bg5 Rxd1+ 14. Rxd1 Bxg5 15. Nxg5 h6 16. Nf3 Nd4 17. Nxd4 cxd4 18. Ne4 Bd7 19. c5 Qa5 20. a3 Nc6 21. f4 b6 22. b4 Qxa3 23. b5 Na5 24. c6 Be8 25. Rxd4 Nb3 26. Rd1 Nc5 27. Nd6 a6 28. c7 Bd7 29. Bxa8 axb5 30. Bc6 Bxc6 31. c8=Q+ Kh7 32. Qxc6 Qc3 33. Ne4 1-0


[Site "https://www.chess.com"]

[Event "Titled Tuesday Blitz August 16 Late 2022"]
[White "Kruckenhauser, Arthur"]
[Black "Salem, A.R. Saleh"]
[WhiteFideId "1642812"]
[BlackFideId "9301348"]
[WhiteElo "2218"]
[BlackElo "2674"]
[Result "1-0"]
[Round "07"]
[TimeControl "180+1"]
[Date "2022.08.16"]
[WhiteClock "0:00:03"]
[BlackClock "0:00:05"]

1. e4 c5 2. c3 d6 3. d4 Nf6 4. Bd3 g6 5. Nf3 Bg7 6. h3 O-O 7. O-O Nc6 8. d5 Nb8 9. Nbd2 e6 10. dxe6 Bxe6 11. Re1 Nc6 12. Ng5 Nh5 13. Nxe6 fxe6 14. Nf3 Ne5 15. Nxe5 Bxe5 16. g3 Qe7 17. Bc4 b5 18. Bxb5 Nxg3 19. fxg3 Bxg3 20. Re2 Qh4 21. Rg2 Qxh3 22. Qd3 Rf3 23. Qxf3 Bh2+ 24. Kf2 Rf8 25. Qxf8+ Kxf8 26. Be3 Be5 27. Rf1 Kg7 28. Bd2 Qh4+ 29. Kg1 h6 30. Be2 Qxe4 31. Bf3 Qd3 32. Bd1 Qh3 33. Bc2 g5 34. Be1 Qe3+ 35. Bf2 Qh3 36. Be1 Bf6 37. Rgf2 Qg4+ 38. Kh1 Qh5+ 39. Kg1 Be7 40. Rg2 d5 41. Bg3 Bf6 42. Rgf2 Qg4 43. Kg2 h5 44. Rxf6 h4 45. Rf7+ Kg8 46. Rf8+ Kg7 47. R1f7+ Kh6 48. Rh7# 1-0


[Site "https://www.chess.com"]

[Event "Titled Tuesday Blitz August 16 Late 2022"]
[White "Krzywda, Andrzej"]
[Black "Ambartsumova, Karina"]
[WhiteFideId "1114565"]
[BlackFideId "4166299"]
[WhiteElo "2098"]
[BlackElo "2262"]
[Result "0-1"]
[Round "07"]
[TimeControl "180+1"]
[Date "2022.08.18"]
[WhiteClock "0:00:00"]
[BlackClock "0:00:00"]

1. d4 Nf6 2. c4 e6 3. g3 d5 4. Bg2 dxc4 5. Nf3 Nc6 6. O-O Rb8 7. e3 b5 8. Qe2 Bb7 9. b3 cxb3 10. axb3 a6 11. Bd2 Be7 12. Rc1 O-O 13. Be1 Nb4 14. Bxb4 Bxb4 15. Qc2 c5 16. dxc5 Rc8 17. Nbd2 Rxc5 18. Qb2 Qb6 19. Rxc5 Qxc5 20. Rc1 Qe7 21. Qa1 Rd8 22. Nf1 h6 23. h3 a5 24. Nd4 Bxg2 25. Kxg2 Qb7+ 26. Kg1 Rd5 27. Nc6 Qb6 28. Nxb4 axb4 29. Rc8+ Rd8 30. Qc1 Rxc8 31. Qxc8+ Kh7 32. Nd2 Qd6 33. Qc2+ g6 34. Nf3 Nd5 35. Qd3 Qc5 36. Ne5 Kg7 37. Nd7 Qc1+ 38. Kg2 Qc6 39. Qd4+ f6 40. Nc5 Nxe3+ 41. Kh2 Qg2# 0-1


[Site "https://www.chess.com"]

[Event "Titled Tuesday Blitz August 16 Late 2022"]
[White "Kujawski, Adam"]
[Black "Carbone, Diego"]
[WhiteFideId "1100920"]
[BlackFideId "3002179"]
[WhiteElo "1972"]
[BlackElo "2199"]
[Result "1-0"]
[Round "07"]
[TimeControl "180+1"]
[Date "2022.08.18"]
[WhiteClock "0:00:00"]
[BlackClock "0:00:00"]

1. e4 e5 2. Nf3 Nc6 3. Bb5 a6 4. Ba4 Nf6 5. O-O Nxe4 6. d4 Be7 7. Re1 b5 8. Bb3 d5 9. dxe5 Be6 10. Nbd2 Nc5 11. c3 Nd3 12. Re2 O-O 13. Nf1 Nxc1 14. Rxc1 Na5 15. Bc2 Bg4 16. Qd3 g6 17. h3 Bf5 18. Qd1 Bxc2 19. Qxc2 Qd7 20. Rd1 c6 21. Ne3 Rfe8 22. b3 Bc5 23. Ng4 Be7 24. Qd2 Kh8 25. Qh6 Bf8 26. Qh4 Bg7 27. Nf6 Bxf6 28. exf6 Rxe2 29. Qh6 Rg8 30. Ng5 Qxh3 31. Nxf7# 1-0


[Site "https://www.chess.com"]

[Event "Titled Tuesday Blitz August 16 Late 2022"]
[White "Leenhouts, Koen"]
[Black "Tatarinov, Dmitry"]
[WhiteFideId "1008439"]
[BlackFideId "24160067"]
[WhiteElo "2409"]
[BlackElo "2324"]
[Result "1-0"]
[Round "07"]
[TimeControl "180+1"]
[Date "2022.08.16"]
[WhiteClock "0:00:38"]
[BlackClock "0:01:05"]

1. e4 c5 2. Nf3 d6 3. c3 Nf6 4. h3 Nc6 5. Bd3 g6 6. Bc2 Bg7 7. O-O O-O 8. d4 cxd4 9. cxd4 Nb4 10. Bb3 d5 11. e5 Ne4 12. Nc3 Bf5 13. a3 Nxc3 14. bxc3 Nc6 15. Bg5 Na5 16. Ba2 Rc8 17. Qd2 Nc4 18. Bxc4 Rxc4 19. Bh6 Qc7 20. Bxg7 Kxg7 21. Rfc1 Rc8 22. Nh4 Be6 23. Rab1 b6 24. Rb3 f6 25. f4 fxe5 26. fxe5 Rf8 27. Qe3 Qd7 28. Rb2 Bf5 29. Rf2 Rcc8 30. Rcf1 Be4 31. Rxf8 Rxf8 32. Rxf8 Kxf8 33. Nf3 Qf5 34. Nd2 Bd3 35. g4 1-0


[Site "https://www.chess.com"]

[Event "Titled Tuesday Blitz August 16 Late 2022"]
[White "Martic, Ivan"]
[Black "Mikhailov, Viacheslav"]
[WhiteFideId "929301"]
[BlackFideId "4187369"]
[WhiteElo "2355"]
[BlackElo "2381"]
[Result "1-0"]
[Round "07"]
[TimeControl "180+1"]
[Date "2022.08.16"]
[WhiteClock "0:01:28"]
[BlackClock "0:00:20"]

1. d4 Nf6 2. Nf3 g6 3. Nbd2 Bg7 4. e4 O-O 5. Bd3 d6 6. O-O Bg4 7. c3 e5 8. h3 Bxf3 9. Nxf3 exd4 10. cxd4 Nc6 11. Re1 Re8 12. a3 Nd7 13. Be3 Nb6 14. Qd2 d5 15. e5 Nc4 16. Bxc4 dxc4 17. Rad1 Qd5 18. Bh6 Rad8 19. Qf4 Ne7 20. Bxg7 Kxg7 21. Qf6+ Kg8 22. Ng5 Nf5 23. e6 Nh6 24. Re5 Qxe5 25. exf7+ 1-0


[Site "https://www.chess.com"]

[Event "Titled Tuesday Blitz August 16 Late 2022"]
[White "Martinez Alcantara, Jose Eduardo"]
[Black "Riehle, Marco"]
[WhiteFideId "3805662"]
[BlackFideId "12904392"]
[WhiteElo "2703"]
[BlackElo "2462"]
[Result "0-1"]
[Round "07"]
[TimeControl "180+1"]
[Date "2022.08.16"]
[WhiteClock "0:01:24"]
[BlackClock "0:02:03"]

1. e4 e5 2. Nf3 Nf6 3. Nxe5 Nxe4 4. Qe2 Qe7 5. Qxe4 d6 6. d4 dxe5 7. dxe5 Nc6 8. Nc3 Qxe5 9. Qxe5+ Nxe5 10. Nb5 Bb4+ 11. Bd2 Bxd2+ 12. Kxd2 Kd8 13. Re1 f6 14. f4 Ng6 15. g3 a6 16. Nd4 Re8 17. Bd3 c5 18. Nf5 Bxf5 19. Bxf5 Kc7 20. Rxe8 Rxe8 21. Re1 Rxe1 22. Kxe1 Nf8 23. Kd2 g6 24. Bh3 Kd6 25. Kd3 b5 26. Bc8 a5 27. a4 bxa4 28. Kc4 Kc6 29. Bh3 g5 30. Bg2+ Kb6 31. f5 Nd7 32. Kd5 Ne5 33. Ke6 Nc4 34. Kxf6 Nxb2 35. Ke6 a3 36. f6 a2 37. f7 a1=Q 38. f8=Q Qe1+ 39. Kd6 Nc4+ 40. Kd7 Qd2+ 41. Kc8 Qxg2 42. Qd8+ Kb5 0-1


[Site "https://www.chess.com"]